 Dungeon Crawl Stone Soup version 0.27.1-34-g3ba077fa99 (webtiles) character file.

Game seed: 2565896229824769381

186 hawla the Skirmisher (level 5, -7/69 HPs)
             Began as a Draconian Monk on Jan 13, 2022.
             Killed by divine providence
             ... invoked by an orc priest
              (16 damage)
             ... on level 3 of the Dungeon on Jan 14, 2022.
             The game lasted 00:07:10 (2490 turns).

hawla the Skirmisher (Draconian Monk)               Turns: 2490, Time: 00:07:11

Health: -7/69      AC: 26    Str: 12 (14) XL:     5   Next: 38%
Magic:  9/9        EV:  2    Int:  9 (11) God:
Gold:   107        SH:  0    Dex: 16 (19) Spells: 10/10 levels left

rFire    . . .     SeeInvis .   a - +0 falchion
rCold    . . .     Faith    .   (no shield)
rNeg     + + +     Spirit   .   (armour unavailable)
rPois    +         Reflect  .   (helmet currently unavailable)
rElec    .         Harm     .   (cloak currently unavailable)
rCorr    .         Rampage  .   (gloves currently unavailable)
Will     .....     NoTele   +   (boots currently unavailable)
Stlth    ++........             (no amulet)
HPRegen  0.21/turn              b - +6 ring of dexterity
MPRegen  0.11/turn              m - +4 ring of protection

@: tree-form (expiring), attractive
A: stationary, stasis, torment immunity, boosted hp, AC +5, unfitting armour,
(cold-blooded)
a: no special abilities


You were on level 3 of the Dungeon.
You were a tree.
You visited 1 branch of the dungeon, and saw 3 of its levels.

You collected 107 gold pieces.

Inventory:

Hand Weapons
 a - a +0 falchion (weapon)
Missiles
 f - 7 boomerangs (quivered)
Armour
 e - a +0 cloak (melded)
Jewellery
 b - a +6 ring of dexterity (left branch)
 g - a ring of magical power
 m - a +4 ring of protection (right branch)
Scrolls
 d - a scroll of identify {unknown}
 h - a scroll of acquirement {unknown}


   Skills:
 + Level 4.0 Fighting
 + Level 4.0 Long Blades
 + Level 1.0 Throwing
 + Level 3.0 Dodging
 + Level 2.0 Stealth
 + Level 3.0 Spellcasting


You had 10 spell levels left.
You didn't know any spells.
Your spell library contained the following spells:

 Spells                   Type           Power      Damage    Failure   Level
 Ozocubu's Armour         Ice            1%         N/A       65%         3
 Ozocubu's Refrigeration  Ice            0%         4d5       100%        7


Dungeon Overview and Level Annotations

Branches:
Dungeon (3/15)

Altars:
Qazlal

Annotations:
D:3 dig the potion


Innate Abilities, Weirdness & Mutations

You are a tree.
Your roots penetrate the ground, keeping you stationary.
You cannot be teleported.
You are immune to unholy pain and torment.
Your maximum health is greatly increased.
Your equipment is partially melded.
((Your plain brown scales are hard. (AC +5)))
You cannot fit into any form of body armour.
((You are cold-blooded and may be slowed by cold attacks.))


Message History

The orc priest hits you but does no damage.
You hit the orc priest but do no damage.
The orc priest is heavily wounded.
The orc priest hits you but does no damage.
You hit the orc priest.
The orc priest is heavily wounded.
The orc priest hits you but does no damage.
The orc priest mumbles some strange prayers to Beogh against you.
Beogh smites you!
You barely miss the orc priest.
The orc priest is heavily wounded.
The orc priest hits you with a +0 club.
You hit the orc priest but do no damage.
The orc priest is heavily wounded.
Your transformation is almost over.
The orc priest hits you with a +0 club.
* * * LOW HITPOINT WARNING * * *
You closely miss the orc priest.
The orc priest is heavily wounded.
The orc priest barely misses you.
You hit the orc priest but do no damage.
The orc priest is heavily wounded.
The orc priest hits you but does no damage.
You hit the orc priest.
The orc priest is severely wounded.
The orc priest mumbles some strange prayers to Beogh against you.
Beogh smites you!
* * * LOW HITPOINT WARNING * * *
You hit the orc priest.
The orc priest is almost dead.
The orc priest hits you but does no damage.
You feel better. The orc priest hits you with a +0 club.
* * * LOW HITPOINT WARNING * * *
The orc priest calls upon Beogh to heal the orc priest.
The orc priest is healed somewhat.
You barely miss the orc priest.
The orc priest is severely wounded.
The orc priest mumbles some strange prayers to Beogh against you.
Beogh smites you!
You die...

##.....## #.###
##.......####.#.##
#.........##.....#####
+.........+...........
#.........#.#†###.#..#
##.......##..........#
##.....###.#.###.#..#
##...## #.#.#!#.#..#
##♣## #.#.###.#..# #o#
#..........# #o#
..#.###.#..# .). .....
....## ... ##### .####
..... . .(..# ##
#.#(##


You could see 2 orc priests.

Vanquished Creatures
  An orc priest (D:3)
  An iguana (D:2)
  An orc wizard (D:3)
  3 adders
  2 worms
  3 dart slugs
  6 orcs (D:3)
  7 ball pythons
  5 endoplasms
  3 giant cockroaches
  2 goblins (D:1)
  3 hobgoblins (D:1)
  6 jackals
  8 kobolds
  6 bats
  2 frilled lizards (D:2)
  A rat (D:2)
60 creatures vanquished.

Notes
Turn   | Place    | Note
-------+----------+-------------------------------------------
     0 | D:1      | hawla the Draconian Monk began the quest for the Orb.
     0 | D:1      | Reached XP level 1. HP: 19/19 MP: 1/1
   261 | D:1      | Reached XP level 2. HP: 21/26 MP: 2/2
   374 | D:1      | Found a faded altar of an unknown god.
   825 | D:1      | Reached XP level 3. HP: 32/33 MP: 3/3
  1092 | D:2      | Reached XP level 4. HP: 39/40 MP: 4/4
  1173 | D:2      | Reached skill level 1 in Throwing
  1290 | D:2      | Reached skill level 1 in Spellcasting
  1769 | D:3      | Found a stormy altar of Qazlal.
  1890 | D:3      | Reached XP level 5. HP: 7/46 MP: 6/8
  2490 | D:3      | Killed from afar by an orc priest

Illustrated notes

Levels and vault maps discovered:
D:1:      mrwooster_arrival_statue_2, layout_loops_ring, basic_ecumenical_altar,
          minmay_tiny_reverse_x
D:2:      layout_rooms, minmay_tromino_v4_c
D:3:      layout_loops_corners, old_standard_altar, fedhas_altar_1,
          minmay_misc_feat_iff, minmay_surrounded, uniq_ijyb

Skill      XL: |  1  2  3  4  5 |
---------------+----------------+-----
Stealth        | 2 |  2.0
Dodging        | 3 |  3.0
Fighting       | 4 |  4.0
Long Blades    | 4 |  4.0
Throwing       | 1 |  1.0
Spellcasting   | 2 3 |  3.0

Action                   |  1- 3 |  4- 6 || total
-------------------------+-------+-------++-------
Melee: Falchion          |    78 |   119 ||   197
       Tailslap          |     9 |    17 ||    26
Throw: Javelin           |       |     6 ||     6
       Boomerang         |       |     1 ||     1
  Use: Potion            |     1 |     9 ||    10
       Scroll            |     2 |       ||     2
 Stab: Sleeping          |     2 |     6 ||     8
       Distracted        |       |     1 ||     1
Armor: Skin              |    22 |    57 ||    79
Dodge: Dodged            |    65 |    61 ||   126
       Rpst.: Falchion   |    16 |    17 ||    33
